 Dungeon Crawl Stone Soup version 0.28-a0-1395-g4f6bc678fa (webtiles) character file.

Game seed: 944610847161839376

28 benadryl the Poker (level 2, -2/19 (22) HPs)
             Began as a Demonspawn Gladiator on Jan 4, 2022.
             Slain by Crazy Yiuf (12 damage)
             ... on level 2 of the Dungeon.
             The game lasted 00:01:46 (1844 turns).

benadryl the Poker (Demonspawn Gladiator)           Turns: 1844, Time: 00:01:47

HP:   -2/19 (22)    AC: 11    Str: 14    XL:     2   Next: 96%
MP:   2/2           EV:  3    Int:  9    God:
Gold: 47            SH:  3    Dex: 14    Spells: 1/1 levels left

rFire   . . .      SeeInvis .   a - +0 trident
rCold   . . .      Faith    .   i - +0 buckler
rNeg    . . .      Spirit   .   g - +0 plate armour
rPois   .          Reflect  .   c - +0 helmet
rElec   .          Harm     .   (no cloak)
rCorr   .          Rampage  .   (no gloves)
Will    .....                   (no boots)
Stlth   ..........              (no amulet)
HPRegen 0.06/turn               (no ring)
MPRegen 0.08/turn               (no ring)

@: hasted, heavily drained, very quick
A: demonic touch 1
a: no special abilities


You were on level 2 of the Dungeon.
You visited 1 branch of the dungeon, and saw 2 of its levels.

You collected 47 gold pieces.

Inventory:

Hand Weapons
 a - a +0 trident (weapon)
Missiles
 d - 3 throwing nets (quivered)
Armour
 b - a +0 leather armour
 c - a +0 helmet (worn)
 g - a +0 plate armour (worn)
 i - a +0 buckler (worn)
 l - an orb of energy
Scrolls
 k - a scroll of amnesia {unknown}
Potions
 e - a potion of degeneration {unknown}
 h - a potion of might {unknown}
 j - a potion of flight {unknown}


   Skills:
 + Level 2.1 Fighting
 * Level 3.7 Polearms
 - Level 1.7 Throwing
 - Level 2.6 Dodging


You had one spell level left.
You didn't know any spells.
Your spell library was empty.

Dungeon Overview and Level Annotations

Branches:
Dungeon (2/15)

Altars:

Annotations:
D:2 Crazy Yiuf


Innate Abilities, Weirdness & Mutations

Your touch may inflict minor irresistible damage on your foes.


Message History

No target in view!
No target in view!
No target in view!
No target in view!
No target in view!
A bat skeleton comes into view.
The bat skeleton hits you but does no damage.
You puncture the bat skeleton!
You destroy the bat skeleton!
No target in view!
No target in view!
No target in view!
No target in view!
No target in view!
No target in view!
No target in view!
No target in view!
No target in view!
No target in view!
No target in view!
No target in view!
No target in view!
Crazy Yiuf shouts!
Press: ? - help, v - describe, . - travel
Here: Crazy Yiuf, wielding a +3 quarterstaff of chaos and wearing a +2 cloak (fire blocked by a runed translucent door)
The floor.
You open the door.
Crazy Yiuf says, "Cake spinner stair!"
There is an open translucent door here.
You hit Crazy Yiuf but do no damage. Crazy Yiuf completely misses you.
Crazy Yiuf hits you with a +3 quarterstaff of chaos.
You feel drained.
You closely miss Crazy Yiuf.
Crazy Yiuf says, "Millenium!
Gnoll sing arm."
Crazy Yiuf hits you with a +3 quarterstaff of chaos!
You feel drained.
It was a potion of haste.
You feel yourself speed up.
Crazy Yiuf hits you with a +3 quarterstaff of chaos!
Ouch! That really hurt!
You die...

#......#.# #......#.#
#......#.# #......#.###
###....#.##. #..#.#.##.
#######....#.##. ####
###.#........#....
#...##@.#.......#.#####
#...'g####.............
#)..### ##.......#####
#### ####....# #..
#....# #.# #....# #.#
#######....###.#
#.......)......#
#...(......#####


You could see Crazy Yiuf.

Vanquished Creatures
  An adder zombie (D:2)
  A bat skeleton (D:2)
  3 endoplasms (D:2)
  A hobgoblin (D:1)
  4 jackals (D:1)
  2 ball pythons (D:2)
  4 bats
  3 frilled lizards
  A goblin (D:2)
  A kobold (D:1)
  4 rats
25 creatures vanquished.

Notes
Turn   | Place    | Note
-------+----------+-------------------------------------------
     0 | D:1      | benadryl the Demonspawn Gladiator began the quest for the
                  | Orb.
     0 | D:1      | Reached XP level 1. HP: 16/16 MP: 1/1
   144 | D:1      | Reached skill level 3 in Polearms
  1120 | D:1      | Discovered your monstrous ancestry.
  1120 | D:1      | Gained mutation: Your touch may inflict minor irresistible
                  | damage on your foes. [demonic ancestry]
  1120 | D:1      | Reached XP level 2. HP: 22/22 MP: 2/2
  1772 | D:2      | Found a runed translucent door.
  1773 | D:2      | Noticed Crazy Yiuf
  1844 | D:2      | Slain by Crazy Yiuf

Illustrated notes

Levels and vault maps discovered:
D:1:      dpeg_arrival_tiny_b, layout_basic
D:2:      layout_basic, serial_undead, serial_undead_c, serial_undead_d,
          serial_undead_c, serial_undead_c, uniq_crazy_yiuf_cottage

Skill      XL: |  1 |
---------------+----+-----
Polearms       | 3 |  3.7
Fighting       | |  2.1
Throwing       | |  1.7
Dodging        | |  2.6

Action                   || total
-------------------------++-------
Melee: Trident           ||    77
       Touch             ||     1
  Use: Potion            ||     1
Armor: Plate armour      ||    51
       Leather armour    ||     2
Dodge: Dodged            ||    22
Block: Buckler           ||     4

Table legend: (Time is in decaauts)
 A = Elapsed time spent in this place.
 B = Non-inter-level travel time spent in this place.
 C = Inter-level travel time spent in this place.
 D = Time resting spent in this place.
 E = Time spent auto-exploring this place.
 F = Levels seen in this place.
 G = Mean time per level.
                   A        B        C        D        E       F      G
               +--------+--------+--------+--------+--------+-----+--------+
         Total |   1857 |   1804 |     53 |    214 |   1399 |   2 |  928.5 |
       Dungeon |   1857 |   1804 |     53 |    214 |   1399 |   2 |  928.5 |
               +--------+--------+--------+--------+--------+-----+--------+

Top non-repeatable levels by time:
     D:1: 1234 daAuts
     D:2: 623 daAuts
